 Dungeon Crawl Stone Soup version 0.31.0-9-g3a7656b989 (webtiles) character file.

Game seed: 14580537395448753779

361 qw the Shooter (level 6, 0/30 HPs)
             Began as a Spriggan Hunter on Feb 2, 2024.
             Engulfed by a steam dragon's steam (9 damage)
             ... on level 4 of the Dungeon.
             The game lasted 00:00:09 (3090 turns).

qw the Shooter (Spriggan Hunter)                    Turns: 3090, Time: 00:00:10

Health: 0/30       AC:  2    Str:  7    XL:     6   Next: 38%
Magic:  7/7        EV: 21    Int: 10    God:
Gold:   215        SH:  0    Dex: 21    Spells: 5/5 levels left

rFire   . . .        a - +0 shortbow (heavy)
rCold   . . .        (shield currently unavailable)
rNeg    . . .        c - +0 robe
rPois   .            (helmet restricted)
rElec   .            (no cloak)
rCorr   .            (gloves unavailable)
SInv    +            (boots unavailable)
Will    +....        (no amulet)
Stlth   ++           (no ring)
HPRegen 0.25/turn    (no ring)
MPRegen 0.10/turn

%: no passive effects
@: very quick
A: very small, no large weapons, unfitting armour, see invisible, speed 3
a: no special abilities


You were on level 4 of the Dungeon.
You visited 1 branch of the dungeon, and saw 4 of its levels.

You collected 215 gold pieces.


Innate Abilities, Weirdness & Mutations

You are very small and have problems with some larger weapons.
You are too small for most types of armour.
You have supernaturally acute eyesight. (SInv)
You cover ground extremely quickly. (Speed+++)


   Skills:
 - Level 2.0 Fighting
 - Level 6.5 Ranged Weapons
 + Level 5.7 Dodging
 - Level 1.5 Stealth


You had 5 spell levels left.
You didn't know any spells.
Your spell library was empty.

Inventory:

Hand Weapons
 a - a +0 heavy shortbow (weapon)
Armour
 c - a +0 robe (worn)
Wands
 f - a wand of charming (9)
 g - a wand of digging (3)
Scrolls
 j - 2 scrolls of teleportation
Potions
 b - a potion of curing
 d - 3 potions of mutation {unknown}
 i - a potion of might {unknown}

Dungeon Overview and Level Annotations

Branches:
Dungeon (4/15)
 Temple: D:4-7

Altars:
Elyvilon
Ru

Shops:
D:1 ([(   D:3 (

Annotations:
D:2 1 runed translucent door, Crazy Yiuf


Message History

The goblin is heavily wounded.
The goblin misses you.
You shoot an arrow. The arrow hits the goblin!!
You kill the goblin!
Found a chain mail.
You see here a +0 chain mail.
You see here a +0 chain mail.
An iguana comes into view.
Found 13 gold pieces.
You shoot an arrow. The arrow hits the iguana!
The iguana hisses angrily.
The iguana is heavily wounded.
You shoot an arrow. The arrow closely misses the iguana.
You shoot an arrow. The arrow barely misses the iguana.
You shoot an arrow. The arrow closely misses the iguana.
You shoot an arrow. The arrow hits the iguana.
The iguana is almost dead.
The iguana bites you! The iguana barely misses you.
You shoot an arrow. The arrow hits the iguana.
You kill the iguana!
You start resting.
HP restored.
A steam dragon comes into view.
You shoot an arrow. The arrow hits the steam dragon!
The steam dragon hisses angrily.
The steam dragon is heavily wounded.
You shoot an arrow.
The arrow hits the steam dragon but does no damage.
The steam dragon is heavily wounded.
You shoot an arrow.
The arrow closely misses the steam dragon.
The steam dragon breathes steam at you. The ball of steam hits you!!
Ouch! That really hurt!
You hear an angry hiss.
You shoot an arrow.
The arrow hits the steam dragon but does no damage.
The steam dragon is heavily wounded.
You are engulfed in a cloud of scalding steam.
You die...

).........#..#
..........# .##.
..........# ##.
..........# #.##
..........# ..##
#<.......## ...
##......## #.# ##.
......##########¤##.$...
#####...........@....#
....#############¤##....
....# D# . ....### ..
......## #.. ....#.^#
##. ....##.## ##
....##..####
.......[...#


You could see a steam dragon (catching breath).

Vanquished Creatures
  A water moccasin (D:4)
  A hound (D:4)
  An iguana (D:4)
  3 orc wizards (D:3)
  Natasha (D:2)
  A gnoll (D:1)
  2 adders (D:3)
  2 dart slugs
  11 orcs (D:3)
  6 endoplasms
  6 giant cockroaches
  5 goblins
  3 hobgoblins
  2 kobolds
  3 quokkas
  4 ball pythons
  2 bats
  3 frilled lizards
  5 rats
62 creatures vanquished.

Notes
Turn   | Place    | Note
-------+----------+-------------------------------------------
     0 | D:1      | qw the Spriggan Hunter began the quest for the Orb.
     0 | D:1      | Reached XP level 1. HP: 10/10 MP: 2/2
     0 | D:1      | 0 ||| qw: Version: 0.3-a-155-g5e7d8dd
     0 | D:1      | 0 ||| qw: Game counter: 426
     0 | D:1      | 0 ||| qw: Melee chars always use a shield: true
     0 | D:1      | 0 ||| qw: God list: Okawaru
     0 | D:1      | 0 ||| qw: Allow faded altars: false
     0 | D:1      | 0 ||| qw: Do Orc after clearing Dungeon:15 true
     0 | D:1      | 0 ||| qw: Do second Lair branch before Depths: true
     0 | D:1      | 0 ||| qw: Lair rune preference: random
     0 | D:1      | 0 ||| qw: Goals: Normal
     0 | D:1      | 0 ||| PLANNING D:1-11
    43 | D:1      | Found Qimulosu's Weapon Shop.
    45 | D:1      | Reached skill level 3 in Dodging
    51 | D:1      | 51 ||| SHOPLISTING +0 arbalest of flaming (111 gold, have
                  | 0).
    66 | D:1      | Found Kakkuss's Armour Shoppe.
   182 | D:1      | Reached XP level 2. HP: 12/14 MP: 3/3
   220 | D:1      | Found Jetag's Weapon Shop.
   591 | D:1      | Reached XP level 3. HP: 18/18 MP: 4/4
   628 | D:1      | 628 ||| READING scroll labelled XUIFUUCRAR.
   631 | D:1      | 631 ||| READING scroll labelled ENYSHR NETISS.
   631 | D:1      | 631 ||| IDENTIFYING silvery potion
   632 | D:1      | 632 ||| READING scroll labelled ZYPRIMMO HOPAPH.
   633 | D:1      | 633 ||| READING scroll labelled JEIFFOM WEFURY.
   634 | D:1      | 634 ||| DROPPING scroll of butterflies.
   635 | D:1      | 635 ||| DROPPING potion of attraction.
  1058 | D:2      | 1058 ||| DROPPING +1 antimagic sling.
  1138 | D:2      | Found a runed translucent door.
  1139 | D:2      | Noticed Crazy Yiuf
  1604 | D:2      | Noticed Natasha
  1608 | D:2      | Killed Natasha
  1732 | D:2      | 1732 ||| READING 2 scrolls of identify.
  1732 | D:2      | 1732 ||| IDENTIFYING purple potion
  1733 | D:2      | 1733 ||| READING scroll of identify.
  1733 | D:2      | 1733 ||| IDENTIFYING coppery potion
  1734 | D:2      | 1734 ||| READING scroll labelled DUGEKU KYIMEI.
  1734 | D:2      | 1734 ||| BRANDING +0 shortbow.
  1735 | D:2      | 1735 ||| READING scroll labelled JOAGRUOBOT.
  1736 | D:2      | 1736 ||| DROPPING potion of degeneration.
  1738 | D:2      | 1738 ||| Stepping ~*~*~tactically~*~*~ (cloud).
  1744 | D:2      | HP: 4/18 [poisoned by you (poison gas)]
  1939 | D:3      | Reached skill level 5 in Ranged Weapons
  1939 | D:3      | Reached XP level 4. HP: 8/22 MP: 5/5
  2025 | D:3      | Found a sacrificial altar of Ru.
  2118 | D:3      | HP: 1/23 [orc/+0 flail (10)]
  2158 | D:3      | 2158 ||| FLEEEEING.
  2165 | D:3      | 2165 ||| FLEEEEING.
  2168 | D:3      | 2168 ||| FLEEEEING.
  2180 | D:3      | 2180 ||| FLEEEEING.
  2181 | D:3      | 2181 ||| FLEEEEING.
  2182 | D:3      | 2182 ||| FLEEEEING.
  2183 | D:3      | 2183 ||| FLEEEEING.
  2184 | D:3      | 2184 ||| FLEEEEING.
  2185 | D:3      | 2185 ||| FLEEEEING.
  2186 | D:3      | 2186 ||| FLEEEEING.
  2187 | D:3      | 2187 ||| FLEEEEING.
  2188 | D:3      | 2188 ||| FLEEEEING.
  2193 | D:3      | 2193 ||| FLEEEEING.
  2194 | D:3      | 2194 ||| FLEEEEING.
  2195 | D:3      | 2195 ||| FLEEEEING.
  2197 | D:3      | 2197 ||| FLEEEEING.
  2198 | D:3      | 2198 ||| FLEEEEING.
  2200 | D:3      | 2200 ||| FLEEEEING.
  2203 | D:3      | 2203 ||| FLEEEEING.
  2204 | D:3      | 2204 ||| FLEEEEING.
  2205 | D:3      | 2205 ||| FLEEEEING.
  2206 | D:3      | 2206 ||| FLEEEEING.
  2207 | D:3      | 2207 ||| FLEEEEING.
  2216 | D:3      | Found Soihucki's Weapon Shoppe.
  2283 | D:3      | Reached XP level 5. HP: 26/26 MP: 6/6
  2365 | D:3      | Found a faded altar of an unknown god.
  2415 | D:3      | Found a white marble altar of Elyvilon.
  2724 | D:3      | 2724 ||| READING 2 scrolls of identify.
  2724 | D:3      | 2724 ||| IDENTIFYING lumpy emerald potion
  2725 | D:3      | 2725 ||| READING scroll of identify.
  2725 | D:3      | 2725 ||| IDENTIFYING puce potion
  2726 | D:3      | 2726 ||| READING scroll labelled EDWELO KEGYREWN.
  2727 | D:3      | 2727 ||| DROPPING potion of magic.
  2775 | D:4      | Noticed a water moccasin
  2776 | D:4      | 2776 ||| DRINKING potion of haste.
  2779 | D:4      | Killed a water moccasin
  2780 | D:4      | Reached skill level 6 in Ranged Weapons
  2780 | D:4      | Reached XP level 6. HP: 30/30 MP: 7/7
  3086 | D:4      | Noticed a steam dragon
  3090 | D:4      | Engulfed by a steam dragon's steam

Levels and vault maps discovered:
D:1:      minmay_arrival_wavy_path, layout_loops_ring, serial_shops, shop, shop,
          nicolae_shop_bloodbath_and_beyond
D:2:      layout_basic, kennysheep_cluttered_room, uniq_crazy_yiuf_cottage,
          uniq_natasha
D:3:      layout_loops_ring, amcnicky_altar_gilded,
          mainiacjoe_overflow_brackets, shapermc_ecumenical_altar_venn,
          serial_shops, shop, minmay_misc_feat_x
D:4:      layout_rooms, chequers_serial_rivers_room_a

Skill      XL: |  1  2  3  4  5 |
---------------+----------------+-----
Dodging        | 3 4 5 |  5.7
Ranged Weapons | 5 6 |  6.5
Fighting       | 2 |  2.0
Stealth        | |  1.5

Action                     |  1- 3 |  4- 6 || total
---------------------------+-------+-------++-------
   Fire: Shortbow          |    71 |    98 ||   169
    Use: Scroll            |     8 |     3 ||    11
         Potion            |       |     1 ||     1
 Armour: Robe              |     7 |    16 ||    23
  Dodge: Dodged            |    22 |    60 ||    82

Table legend:
 A = Non-vault XP
 B = Vault XP
 C = Vault XP percentage of total XP
 D = Non-vault monster count
 E = Vault monster count
 F = Vault count percentage of total count
                 A         B        C        D         E       F
            +---------+---------+-------+---------+---------+-------
      Total |     481 |      36 |   7.0 |      61 |       1 |   1.6
            +---------+---------+-------+---------+---------+-------
        D:1 |      41 |       0 |   0.0 |      16 |       0 |   0.0
        D:2 |      14 |      36 |  72.0 |       9 |       1 |  10.0
        D:3 |     185 |       0 |   0.0 |      28 |       0 |   0.0
        D:4 |     241 |       0 |   0.0 |       8 |       0 |   0.0
            +---------+---------+-------+---------+---------+-------
